 Dungeon Crawl Stone Soup version 0.18.1-8-gdd0e5ea (webtiles) character file.

4659 Loading the Grappler (level 10, -9/86 HPs)
             Began as a Ghoul Monk on May 29, 2016.
             Was a High Priest of Makhleb.
             Mangled by Gastronok (14 damage)
             ... on level 8 of the Dungeon.
             The game lasted 00:21:47 (8062 turns).

Loading the Grappler (Ghoul Monk)                   Turns: 8062, Time: 00:21:48

Health: -9/86      AC: 17    Str: 16    XL:     10   Next: 43%
Magic:  11/11      EV:  6    Int:  5    God:    Makhleb [*****.]
Gold:   524        SH:  0    Dex: 14    Spells: 0 memorised, 9 levels left

rFire  + . .     SeeInvis .       - Unarmed
rCold  + . .     Gourm    .     k - +0 plate armour
rNeg   + + +     Faith    .     (no shield)
rPois  ∞         Spirit   .     o - +1 helmet
rElec  .         Dismiss  .     r - +0 cloak
rCorr  .         Reflect  .     (no gloves)
SustAt .         Harm     .     l - +0 pair of boots
MR     .....                    (no amulet)
Stlth  ..........               (no ring)
                                G - ring of protection from fire

@: rotting, slowed, very slow, not resistant to hostile enchantments, extremely
unstealthy
A: rotting body, claws 1, carnivore 3, cold resistance 1, negative energy
resistance 3, slow regeneration 1, torment resistance, unbreathing
a: Minor Destruction, Lesser Servant of Makhleb, Major Destruction, Greater
Servant of Makhleb, Renounce Religion


You were on level 8 of the Dungeon.
You worshipped Makhleb.
Makhleb was extremely pleased with you.
You were not hungry.

You visited 1 branch of the dungeon, and saw 8 of its levels.
You also visited: Sewer.

You collected 524 gold pieces.

Inventory:

Armour
 k - a +0 plate armour (worn)
 l - a +0 pair of boots (worn)
 o - a +1 helmet (worn)
 r - a +0 cloak (worn)
 D - a mottled dragon hide
Jewellery
 g - an uncursed ring of ice
 m - an uncursed ring of ice
 G - a ring of protection from fire (left claw)
Wands
 a - a wand of confusion (48/48)
 A - a wand of paralysis (6/24)
Scrolls
 e - a scroll of teleportation
 i - a scroll of amnesia
 n - a scroll of enchant armour
 u - a scroll of fear
 v - 3 scrolls of remove curse
 z - 3 scrolls of fog
Potions
 c - a potion of cure mutation
 f - 3 potions of heal wounds
 h - 2 potions of resistance
 j - 2 potions of flight
 q - a potion of brilliance
 t - a potion of ambrosia
 w - a potion of curing
 x - a potion of cancellation {unknown}
 C - a potion of beneficial mutation {unknown}
 E - a potion of mutation {unknown}
Books
 p - a book of the Earth

   Spells                             Type                      Level
   a - Leda's Liquefaction            Hexes/Earth                  4
   b - Bolt of Magma                  Conjuration/Fire/Earth       5
   c - Statue Form                    Transmutation/Earth          6
   d - Iron Shot                      Conjuration/Earth            6
   e - Shatter                        Earth                        9
 y - a book of Summonings

   Spells                             Type                      Level
   a - Recall                         Summoning/Translocation      3
   b - Aura of Abjuration             Summoning                    5
   c - Summon Demon                   Summoning                    5
   d - Summon Forest                  Summoning/Translocation      5
   e - Summon Mana Viper              Hexes/Summoning              5
   f - Shadow Creatures               Summoning                    6
 B - a book of Burglary

   Spells                             Type                      Level
   a - Swiftness                      Charms/Air                   2
   b - Passwall                       Transmutation/Earth          2
   c - Passage of Golubria            Translocation                4
   d - Lee's Rapid Deconstruction     Earth                        5
   e - Darkness                       Hexes                        6
   f - Invisibility                   Hexes                        6
Comestibles
 b - 4 meat rations
 d - 6 beef jerkies
 s - 11 chunks of flesh


   Skills:
 + Level 7.5 Fighting
 + Level 5.9 Armour
 - Level 2.6 Dodging
 + Level 8.0 Stealth
 * Level 11.2 Unarmed Combat
 + Level 3.2 Invocations


You had 9 spell levels left.
You didn't know any spells.

Dungeon Overview and Level Annotations

Branches:
Dungeon (8/15)             Temple (0/1) D:6
   Lair: D:8-11

Altars:
Cheibriados
Elyvilon
Fedhas
Gozag
Makhleb
Nemelex Xobeh
Okawaru
Ru
Sif Muna
Trog
Xom
Yredelemnul
Zin
The Shining One

Shops:
D:8 }

Annotations:
D:8 Gastronok, Pikel


Innate Abilities, Weirdness & Mutations

Your body is rotting away.
You thrive on raw meat.
You are immune to poison.
You have sharp fingernails.
You are carnivorous and can eat meat at any time.
Your flesh is cold resistant.
You are immune to negative energy.
You regenerate slowly when monsters are visible.
You are immune to unholy pain and torment.
You can survive without breathing.


Message History

The worker ant bites you but does no damage.
Gastronok looks at you and mumbles some strange words.
You feel as though you will be slow longer.
You scratch Gastronok.
Gastronok is severely wounded.
The worker ant closely misses you.
You scratch Gastronok. You claw Gastronok, but do no damage.
Gastronok is severely wounded.
The worker ant bites you but does no damage.
The worker ant bites you. Gastronok bites you!!
* * * LOW HITPOINT WARNING * * *
You claw Gastronok!
Gastronok is almost dead.
The worker ant bites you but does no damage.
Your plate armour prevents you from hitting Gastronok.
You claw Gastronok.
Gastronok is almost dead.
The worker ant bites you but does no damage.
Gastronok bites you!
You die...

##### ###### ....###
##....> .##...###
##...... .####...#
#....... .# ###.##
#.......
.######..##########
#.......
....w..w.......a..#
##.......
p.#############w@.###
##........ ....
##..%.####..#......
##.##
##.........#......
..# ####..##.........
[.# ####....#........
.#
#..................
####..####.........
....# #..........
..### #..#.#......


You could see Gastronok and a worker ant.

Vanquished Creatures
  Sigmund (D:3)
  2 hippogriffs (D:6)
  The ghost of cruasano the Skirmisher, an amateur DsAK of Lugonu (D:3)
  A mottled dragon (D:6)
  An orc warrior (D:6)
  An ice beast (D:6)
  6 ogres
  A black bear (D:6)
  A sky beast (D:7)
  3 centaurs
  A big kobold (D:7)
  11 giant frogs
  A scorpion (D:6)
  4 wights (D:7)
  A howler monkey (D:7)
  3 crimson imps
  A giant frog zombie (D:5)
  A centaur zombie (D:5)
  A quasit (D:8)
  3 hounds (D:7)
  4 jellies (D:6)
  5 orc priests
  5 orc wizards
  A centaur skeleton (D:4)
  A giant frog skeleton (D:8)
  Jessica (D:3)
  4 iguanas
  8 worker ants
  A hound skeleton (D:7)
  4 worker ant zombies (D:6)
  3 gnolls
  12 adders
  3 shadow imps
  An ooze (D:5)
  3 adder zombies (D:6)
  3 adder skeletons
  A worm (D:2)
  3 dart slugs
  7 giant geckos
  25 orcs
  10 giant cockroaches
  7 hobgoblins
  6 jackals
  7 quokkas
  9 ball pythons
  6 bats
  A giant gecko zombie (D:6)
  15 giant newts
  9 goblins
  A jackal zombie (D:6)
  27 kobolds
  A quokka zombie (D:6)
  5 rats
244 creatures vanquished.

Vanquished Creatures (collateral kills)
  The ghost of st0uf the Ducker, a novice DrSk of Okawaru (D:7)
  A quokka (D:8)
2 creatures vanquished.

Vanquished Creatures (others)
  4 plants
  7 toadstools (D:1)
11 creatures vanquished.

Grand Total: 257 creatures vanquished

Notes
Turn   | Place    | Note
--------------------------------------------------------------
     0 | D:1      | Loading the Ghoul Monk began the quest for the Orb.
     0 | D:1      | Reached XP level 1. HP: 19/19 MP: 0/0
   287 | D:1      | Reached XP level 2. HP: 22/26 MP: 1/1
   721 | D:1      | Reached XP level 3. HP: 31/31 MP: 2/2
   989 | D:2      | Reached skill level 5 in Unarmed Combat
  1047 | D:2      | Reached skill level 1 in Armour
  1059 | D:2      | Found a sacrificial altar of Ru.
  1175 | D:2      | Found an opulent altar of Gozag.
  1235 | D:2      | Reached XP level 4. HP: 38/38 MP: 3/3
  1581 | D:3      | Noticed Sigmund
  1606 | D:3      | Killed Sigmund
  1606 | D:3      | Reached skill level 6 in Unarmed Combat
  1606 | D:3      | Reached XP level 5. HP: 29/46 MP: 4/4
  1606 | D:3      | Reached XP level 6. HP: 33/52 MP: 5/5
  1632 | D:3      | Noticed Jessica
  1637 | D:3      | Killed Jessica
  1644 | D:3      | Found a faded altar to an unknown god.
  1726 | D:3      | Noticed cruasano's ghost (amateur DsAK)
  1762 | D:3      | Killed cruasano's ghost
  2182 | D:3      | Reached XP level 7. HP: 60/60 MP: 6/6
  2203 | D:3      | Found a sparkling altar of Nemelex Xobeh.
  2839 | D:4      | Found a snail-covered altar of Cheibriados.
  2840 | D:4      | Found a shimmering altar of Xom.
  2842 | D:4      | Found a deep blue altar of Sif Muna.
  2842 | D:4      | Found a basalt altar of Yredelemnul.
  2845 | D:4      | Found a bloodstained altar of Trog.
  2846 | D:4      | Found a burning altar of Makhleb.
  2860 | D:4      | Reached skill level 7 in Unarmed Combat
  2862 | D:4      | Became a worshipper of Makhleb the Destroyer
  2862 | D:4      | Reached * piety under Makhleb
  2862 | D:4      | Reached ** piety under Makhleb
  2940 | D:4      | Found a blossoming altar of Fedhas.
  3079 | D:4      | Found a sparkling altar of Nemelex Xobeh.
  3086 | D:4      | Reached skill level 5 in Fighting
  3354 | D:4      | Reached skill level 5 in Stealth
  3561 | D:5      | Entered Level 5 of the Dungeon
  3611 | D:5      | Found a glowing silver altar of Zin.
  3611 | D:5      | Found a glowing golden altar of the Shining One.
  3613 | D:5      | Found a white marble altar of Elyvilon.
  3620 | D:5      | Reached XP level 8. HP: 47/68 MP: 7/7
  3726 | D:5      | Found a glowing drain.
  3728 | D:5      | Reached skill level 8 in Unarmed Combat
  3741 | Sewer    | Entered a sewer
  3785 | Sewer    | Reached *** piety under Makhleb
  4588 | D:6      | Found a staircase to the Ecumenical Temple.
  4749 | D:6      | Reached **** piety under Makhleb
  4958 | D:6      | Found an iron altar of Okawaru.
  4967 | D:6      | Reached skill level 9 in Unarmed Combat
  4974 | D:6      | Reached XP level 9. HP: 75/75 MP: 8/8
  5734 | D:6      | Reached skill level 10 in Unarmed Combat
  5740 | D:6      | Reached skill level 5 in Armour
  5934 | D:7      | Noticed st0uf's ghost (novice DrSk)
  6008 | D:7      | Reached skill level 1 in Invocations
  6158 | D:7      | Killed st0uf's ghost
  6158 | D:7      | Reached XP level 10. HP: 21/86 MP: 10/10
  6781 | D:7      | Reached ***** piety under Makhleb
  7340 | D:7      | Reached skill level 11 in Unarmed Combat
  7747 | D:8      | Found Fukh's Gadget Boutique.
  7878 | D:8      | Noticed Gastronok
  7890 | D:8      | Noticed Pikel
  8060 | D:8      | HP: 4/86 [Gastronok (26)]
  8062 | D:8      | Mangled by Gastronok

Skill      XL: |  1  2  3  4  5  6  7  8  9 10 |
---------------+-------------------------------+-----
Unarmed Combat | 5 6 7 9 10 11 | 11.2
Armour         | 1 2 3 4 5 |  5.9
Stealth        | 3 4 5 6 7 8 |  8.0
Fighting       | 4 5 6 7 |  7.5
Invocations    | 2 3 |  3.2
Dodging        | |  2.6

Action                   |  1- 3 |  4- 6 |  7- 9 | 10-12 || total
-------------------------+-------+-------+-------+-------++-------
Melee: Unarmed           |   108 |   138 |   473 |   209 ||   928
       Punch             |     1 |     1 |    14 |     8 ||    24
Invok: Lesser Servant of |       |       |     1 |     1 ||     2
  Use: Scroll            |       |     8 |    14 |     3 ||    25
       Potion            |       |     1 |     1 |       ||     2
 Stab: Sleeping          |     7 |       |       |       ||     7
  Eat: Chunk             |    10 |    16 |    27 |    14 ||    67
Armor: Robe              |    17 |       |       |       ||    17
       Ring mail         |     4 |    29 |       |       ||    33
       Plate armour      |       |    40 |   358 |   149 ||   547
Dodge: Dodged            |    60 |    57 |   114 |    68 ||   299
